 Dungeon Crawl Stone Soup version 0.31-a0-177-g4aa6249778 (webtiles) character file.

Game seed: 11459745305841498599

392 qw the Trooper (level 6, -1/40 HPs)
             Began as a Gargoyle Fighter on June 18, 2023.
             Slain by Edmund
             ... wielding a +2 flail of holy wrath
              (4 damage)
             ... on level 4 of the Dungeon.
             The game lasted 00:01:38 (3083 turns).

qw the Trooper (Gargoyle Fighter)                   Turns: 3083, Time: 00:01:39

Health: -1/40      AC: 15    Str: 20    XL:     6   Next: 81%
Magic:  6/6        EV:  7    Int: 13    God:
Gold:   221        SH:  4    Dex:  8    Spells: 5/5 levels left

rFire   . . .        Y - +0 war axe
rCold   . . .        c - +0 buckler
rNeg    + . .        k - +0 chain mail
rPois   inf          h - +0 helmet
rElec   +            (no cloak)
rCorr   .            f - +0 pair of gloves
SInv    .            (no boots)
Will    .....        (no amulet) Stlth
                     (no ring)
HPRegen 0.26/turn    (no ring)
MPRegen 0.10/turn

%: no passive effects
@: about to teleport
A: sickness immunity, AC +4, negative energy resistance 1, electricity
resistance, torment resistance 1, petrification resistance, clever 1
a: no special abilities


You were on level 4 of the Dungeon.
You visited 1 branch of the dungeon, and saw 4 of its levels.

You collected 221 gold pieces.


Innate Abilities, Weirdness & Mutations

You are immune to sickness and miasma.
Your stone body is resilient. (AC +4)
You are immune to poison.
You resist negative energy. (rN+)
You are resistant to electric shocks. (rElec)
You are resistant to unholy torment.
You are immune to petrification.
Your mind is acute. (Int +4, Str/Dex -1)


   Skills:
 - Level 5.4 Fighting
 + Level 5.2 Axes
 - Level 3.2 Armour
 - Level 3.2 Shields


You had 5 spell levels left.
You didn't know any spells.
Your spell library was empty.

Inventory:

Hand Weapons
 i - a +0 mace
 Y - a +0 war axe (weapon)
Missiles
 b - 2 boomerangs (quivered)
Armour
 c - a +0 buckler (worn)
 f - a +0 pair of gloves (worn)
 h - a +0 helmet (worn)
 k - a +0 chain mail (worn)
Scrolls
 a - a scroll of noise {unknown}
 g - a scroll of identify
 p - a scroll of silence {unknown}
 q - a scroll of revelation {unknown}
Potions
 d - 2 potions of might
 j - a potion of mutation
 l - 3 potions of curing
 m - a potion of degeneration {unknown}
 n - 2 potions of enlightenment
 o - a potion of cancellation {unknown}

Dungeon Overview and Level Annotations

Branches:
Dungeon (4/15)
 Temple: D:4-7

Altars:
Vehumet

Shops:
D:1 (

Annotations:
D:2 1 runed translucent door, Crazy Yiuf
D:4 Edmund, Sigmund


Message History

Enter note:
Enter note: You throw a boomerang.
The boomerang hits Edmund but does no damage.
You throw a boomerang. The boomerang closely misses Edmund.
You throw a boomerang. The boomerang barely misses Edmund.
You throw a boomerang. The boomerang hits Edmund.
Edmund is lightly wounded.
You barely miss Edmund.
Edmund is lightly wounded.
Edmund hits you with a +2 flail of holy wrath.
You block Edmund's attack.
Sigmund the Dreaded comes into view.
He is wielding a +4 heavy scythe and wearing a +2 robe of positive energy.
Sigmund shouts!
You hit Edmund but do no damage.
Edmund is lightly wounded.
Edmund hits you but does no damage.
You hit Edmund but do no damage.
Edmund is lightly wounded.
Edmund hits you with a +2 flail of holy wrath.
Sigmund asks, "Do you like me?"
You hit Edmund.
Edmund is lightly wounded.
Edmund hits you with a +2 flail of holy wrath!
You slash Edmund!
Edmund is moderately wounded.
Edmund hits you with a +2 flail of holy wrath!
You slash Edmund!
Edmund is heavily wounded.
Edmund barely misses you. Sigmund looks at you with fury.
Sigmund hits you from afar with a +4 heavy scythe!
3082 ||| READING scroll of teleportation.
As you read the scroll of teleportation, it crumbles to dust.
You feel strangely unstable.
Edmund hits you with a +2 flail of holy wrath.
You slash Edmund!
Edmund is severely wounded.
Edmund hits you with a +2 flail of holy wrath.
You die...

##### #.... ## #######
#..[. ...#...$.## #....
.....>....## #....
...........# #....
.....@.@...# #....
.......@...# #....
...........####### #....
.................###....
..........######....###.
<..........## ####.....
###..#####..# #####.
#[..##....## #######
#.#..#.....####......:


You could see Edmund and Sigmund.

Vanquished Creatures
  Grinder (D:4)
  An orc priest (D:4)
  A sleepcap (D:4)
  An orc wizard (D:4)
  A statue (D:4)
  3 adders
  2 worms
  7 orcs (D:4)
  4 endoplasms
  4 giant cockroaches
  5 goblins
  4 hobgoblins
  6 jackals (D:1)
  2 kobolds
  4 quokkas
  7 ball pythons
  4 bats (D:2)
  2 frilled lizards
  A rat (D:1)
60 creatures vanquished.

Notes
Turn   | Place    | Note
-------+----------+-------------------------------------------
     0 | D:1      | qw the Gargoyle Fighter began the quest for the Orb.
     0 | D:1      | Reached XP level 1. HP: 14/14 MP: 1/1
     0 | D:1      | 0 ||| qw: Version: 0.3-a-7-ge0c9b40
     0 | D:1      | 0 ||| qw: Game counter: 779
     0 | D:1      | 0 ||| qw: Always use a shield: true
     0 | D:1      | 0 ||| qw: God list: Okawaru
     0 | D:1      | 0 ||| qw: Allow faded altars: false
     0 | D:1      | 0 ||| qw: Do Orc after D:15 true
     0 | D:1      | 0 ||| qw: Do second Lair branch before Depths: true
     0 | D:1      | 0 ||| qw: Lair rune preference: random
     0 | D:1      | 0 ||| qw: Plans: Normal, Zot:1-4, Slime:5, God:TSO, Crypt,
                  | Tomb, Abyss, Pan, Hells, Win
     0 | D:1      | 0 ||| PLANNING D:1-11
   155 | D:1      | Reached XP level 2. HP: 17/19 MP: 2/2
   178 | D:1      | 178 ||| Stepping ~*~*~tactically~*~*~ (hiding).
   242 | D:1      | Found Giommi's Weapon Boutique.
   258 | D:1      | 258 ||| SHOPLISTING +11 war axe "Hesiadgh" {freeze, Fly}
                  | (985 gold, have 90).
   407 | D:1      | 407 ||| Stepping ~*~*~tactically~*~*~ (stealth).
   409 | D:1      | 409 ||| Stepping ~*~*~tactically~*~*~ (stealth).
   410 | D:1      | 410 ||| Stepping ~*~*~tactically~*~*~ (stealth).
   412 | D:1      | Reached skill level 3 in Axes
   665 | D:1      | 665 ||| UPGRADING to +0 pair of gloves.
   670 | D:1      | 670 ||| READING scroll labelled ZUUSIQ KIQUOMEMOQA.
   760 | D:2      | Reached XP level 3. HP: 23/23 MP: 3/3
  1024 | D:2      | 1024 ||| Stepping ~*~*~tactically~*~*~ (stealth).
  1041 | D:2      | 1041 ||| Stepping ~*~*~tactically~*~*~ (stealth).
  1084 | D:2      | Found a runed translucent door.
  1085 | D:2      | Noticed Crazy Yiuf
  1140 | D:2      | Identified the staff of Doom {rN+ Int+2 Necro Poison}
  1153 | D:2      | Reached XP level 4. HP: 28/28 MP: 4/4
  1460 | D:2      | 1460 ||| UPGRADING to +0 helmet.
  1465 | D:2      | 1465 ||| UPGRADING to +0 chain mail.
  1475 | D:2      | 1475 ||| DROPPING +0 scale mail.
  1476 | D:2      | 1476 ||| READING 2 scrolls labelled LADDI USEYZIM.
  1477 | D:2      | 1477 ||| READING scroll labelled POGOIFRUQO.
  1478 | D:2      | 1478 ||| READING scroll labelled YNLU AFUOTEAMI.
  1533 | D:2      | 1533 ||| READING 2 scrolls labelled DAULATITENG.
  1534 | D:2      | 1534 ||| DRINKING 2 fizzy puce potions.
  1535 | D:2      | 1535 ||| DROPPING scroll of poison.
  1569 | D:3      | 1569 ||| Stepping ~*~*~tactically~*~*~ (stealth).
  1793 | D:3      | 1793 ||| Stepping ~*~*~tactically~*~*~ (stealth).
  1858 | D:3      | 1858 ||| DROPPING +0 whip.
  1870 | D:3      | 1870 ||| Stepping ~*~*~tactically~*~*~ (stealth).
  2313 | D:3      | 2313 ||| READING scroll labelled NUASEBR ROONUU.
  2314 | D:3      | 2314 ||| DRINKING 2 fizzy red potions.
  2314 | D:3      | Gained mutation: Your mind is acute. (Int +4, Str/Dex -1)
                  | [potion of mutation]
  2315 | D:3      | 2315 ||| DRINKING 3 sapphire potions.
  2353 | D:4      | 2353 ||| STAIRDANCE
  2479 | D:4      | HP: 4/28 [something (4)]
  2483 | D:4      | 2483 ||| DRINKING potion of heal wounds.
  2533 | D:4      | Reached XP level 5. HP: 13/32 MP: 5/5
  2647 | D:4      | Found a radiant altar of Vehumet.
  2649 | D:4      | Noticed a charred statue
  2650 | D:4      | 2650 ||| FLEEEEING.
  2651 | D:4      | 2651 ||| FLEEEEING.
  2661 | D:4      | 2661 ||| STAIRDANCE
  2696 | D:3      | 2696 ||| DRINKING 2 emerald potions.
  2725 | D:4      | Killed a charred statue
  2769 | D:4      | Noticed Grinder
  2770 | D:4      | 2770 ||| Stepping ~*~*~tactically~*~*~ (hiding).
  2776 | D:4      | Paralysed by Grinder for 4 turns
  2783 | D:4      | Killed Grinder
  2784 | D:4      | Reached XP level 6. HP: 27/40 MP: 6/6
  2924 | D:4      | 2924 ||| Stepping ~*~*~tactically~*~*~ (stealth).
  2927 | D:4      | 2927 ||| Stepping ~*~*~tactically~*~*~ (stealth).
  2928 | D:4      | 2928 ||| Stepping ~*~*~tactically~*~*~ (stealth).
  2929 | D:4      | 2929 ||| Stepping ~*~*~tactically~*~*~ (stealth).
  2930 | D:4      | 2930 ||| Stepping ~*~*~tactically~*~*~ (stealth).
  2935 | D:4      | 2935 ||| Stepping ~*~*~tactically~*~*~ (hiding).
  3071 | D:4      | Noticed Edmund
  3076 | D:4      | Noticed Sigmund
  3081 | D:4      | HP: 6/40 [Sigmund/+4 heavy scythe (15)]
  3082 | D:4      | 3082 ||| READING scroll of teleportation.
  3082 | D:4      | HP: 2/40 [Edmund/+2 flail of holy wrath (4)]
  3083 | D:4      | Slain by Edmund

Levels and vault maps discovered:
D:1:      giann_wishing_wells, layout_loops_cross, serial_shops, shop_coins
D:2:      layout_basic, uniq_crazy_yiuf_cottage
D:3:      layout_loops_ring, serial_bayou_pond_c, dreamdust_princess_corridor
D:4:      layout_rooms, vehumet_statue, uniq_edmund, uniq_sigmund,
          uniq_eustachio, uniq_grinder

Skill      XL: |  1  2  3  4  5 |
---------------+----------------+-----
Axes           | 2 3 4 5 |  5.2
Fighting       | 5 |  5.4
Armour         | |  3.2
Shields        | |  3.2

Action                     |  1- 3 |  4- 6 || total
---------------------------+-------+-------++-------
  Melee: War axe           |   119 |   141 ||   260
  Throw: Boomerang         |       |    34 ||    34
    Use: Scroll            |     1 |     6 ||     7
         Potion            |       |     5 ||     5
 Armour: Scale mail        |    62 |     1 ||    63
         Chain mail        |       |   102 ||   102
  Dodge: Dodged            |    74 |    28 ||   102
  Block: Buckler           |    24 |    31 ||    55

Table legend:
 A = Non-vault XP
 B = Vault XP
 C = Vault XP percentage of total XP
 D = Non-vault monster count
 E = Vault monster count
 F = Vault count percentage of total count
                 A         B        C        D         E       F
            +---------+---------+-------+---------+---------+-------
      Total |     262 |     299 |  53.3 |      58 |       2 |   3.3
            +---------+---------+-------+---------+---------+-------
        D:1 |      33 |       0 |   0.0 |      18 |       0 |   0.0
        D:2 |      54 |       0 |   0.0 |      17 |       0 |   0.0
        D:3 |      24 |       0 |   0.0 |      12 |       0 |   0.0
        D:4 |     151 |     299 |  66.4 |      11 |       2 |  15.4
            +---------+---------+-------+---------+---------+-------
